Unix NetHack Version 5.0.0-0 post-release - last build May 10 2026 23:12:36 (d1fa5d53e341ca933230fdaa984d921c805b60aa,branch:main).

Game began 2026-05-15 16:23:04, ended 2026-05-15 16:35:45.

Drastanta, lawful female human Samurai

                        ----            ----           ---     ----
                      ---..|------     --..--         --.----- |..|
    ------           --....--.--.-------....-----------......---..|
   --..|.---         |............................-|).....--......--    ---
 ---......(|         --.............-------------..|.---------..>..--  |..---
 -......*..--         ---..|.........|        |..-...--      .......----0...|
|...........----  ----  ------......--        |.......|      ...............|
--........^....|  |..|     --|......|         |...|..--        ............--
|..............----.<|    --.|.....-|         |.------          .-....--.---
--........----......-|    |.........---       |^---              .....|---
 --..|...--  |.......|    |...........--      |%..|              .....---
  -----..|   ---.|...------............|      ---)|              .......|----
      ----     ----...--...............|        |.|              .......--..--
                ---G..................--       --*|----          ............|
                |...@............--.).|        |.%--..|           .#.........--
               --.............-----..--        |......|            ###........|
               |..............|  |...--        ----.---             #---....^--
              --.............--  |....|           ---                  |.....|
              |.....--...--...|  ---..|                                   ..--
              --.|.----..||..--    ----                                    -
               -----  --------
Drastanta the Ronin    St:16 Dx:16 Co:18 In:10 Wi:7 Ch:7  Lawful
Dlvl:4  $:23 HP:0(44) Pw:13(13) AC:4  Xp:4 T:969 

Latest messages:
 A little dart misses you.
 You hear some noises.
 You see here a cave spider corpse.
 Really step onto that squeaky board? [yn] (n) y
 A board beneath you squeaks a B flat loudly.
 Hachi eats a tripe ration.
 You see here a dwarvish cloak.
 Hachi picks up a dagger.
 r - a dwarvish cloak.
 Hachi drops a dagger.
 Hachi picks up a dagger.
 You swap places with Hachi.
 You kill the gnome!
 You see here a gnome corpse.
 You see here a gnome corpse.
 There is a gnome corpse here; eat it? [ynq] (n) y
 This gnome corpse is fatty.
 Hachi drops a dagger.
 You finish eating the gnome corpse.
 You see here a scroll labeled JUYED AWK YACC.
 s - a scroll labeled JUYED AWK YACC.
 You swap places with Hachi.
 You hear some noises in the distance.
 You materialize in a different location!
 The rock mole bites!
 You hit the rock mole!
 The rock mole turns to flee.
 You miss the rock mole.
 You miss the rock mole.
 You miss the rock mole.
 You hit the rock mole.
 You miss the rock mole.
 You are almost hit by an aklys.
 The aklys returns to its hand!
 The gnome lord throws an aklys!
 You are hit by an aklys!
 The gnome lord swings his aklys.
 The gnome lord hits!
 You hit the gnome lord.
 The gnome lord swings his aklys.
 The gnome lord hits!
 You hit the gnome lord!
 The gnome lord swings his aklys.
 The gnome lord hits!
 You die...
 Do you want your possessions identified? [ynq] (y) y
 Do you want to see your attributes? [ynq] (y) y
 Do you want an account of creatures vanquished? [ynaq] (y) y
 Do you want to see your conduct and achievements? [ynq] (y) y
 Do you want to see the dungeon overview? [ynq] (y) y

Inventory:
 Coins    ('$')
  $ - 23 gold pieces
 Weapons  (')')
  d - 35 +0 ya (in quiver)
  c - a +0 yumi (alternate weapon; not wielded)
  a - a corroded +0 katana (weapon in right hand)
  b - a +0 wakizashi
 Armor    ('[')
  r - an uncursed +0 dwarvish cloak
  e - an uncursed rustproof +0 splint mail (being worn)
 Comestibles  ('%')
  i - an uncursed slime mold
  k - an uncursed gunyoki
  h - 2 cursed gunyoki
  l - 2 blessed tins of spinach
 Scrolls  ('?')
  j - an uncursed scroll of amnesia
  m - an uncursed scroll of blank paper
  n - an uncursed scroll of enchant armor
  s - a cursed scroll of identify
 Spellbooks  ('+')
  g - an uncursed spellbook of wizard lock
 Potions  ('!')
  p - an uncursed potion of object detection
  o - a blessed potion of see invisible
 Tools    ('(')
  q - an uncursed magic lamp
  f - a blessed oil lamp (lit)

Drastanta the Samurai's attributes:

Background:
 You were a Ronin, a level 4 female human Samurai.
 You were lawful, on a mission for Amaterasu Omikami
 who was opposed by Raijin (neutral) and Susanowo (chaotic).
 You were right-handed.
 You were in the Gnomish Mines, on level 4.
 You entered the dungeon 969 turns ago.
 You had 103 experience points, 57 more were needed to attain level 5.

Basics:
 You had 0 out of 44 hit points.
 You had all 13 energy points (spell power).
 Your armor class was 4.
 Your wallet contained 23 zorkmids.
 Autopickup was off.

Final Characteristics:
 Your strength was 16 (peak:17, limit:18/100).
 Your dexterity was 16 (limit:18).
 Your constitution was 18 (limit:18).
 Your intelligence was 10 (limit:18).
 Your wisdom was 7 (limit:18).
 Your charisma was 7 (limit:18).

Final Status:
 You weren't hungry.
 You were unencumbered.
 You were wielding a long sword.
 You had basic skill with long sword.

Final Attributes:
 You were devoutly aligned.
 You were warded.
 You were fast.
 You are dead.

Miscellaneous:
 You didn't encounter any bones levels.
 Total elapsed playing time was 12 minutes and 40 seconds.

Major events:
 Turn
    1: Drastanta the lawful female human Samurai entered the dungeon
  536: entered the Gnomish Mines
  742: attained the rank of Ronin (level 3)
  969: killed by a gnome lord

You didn't know any spells.

Skills:
 Fighting Skills
   martial arts      [Basic]
   two weapon combat [Unskilled]
   riding            [Unskilled]
 Weapon Skills
   dagger            [Unskilled]
   knife             [Unskilled]
   short sword       [Basic]
   broadsword        [Unskilled]
   long sword        [Basic]
   two-handed sword  [Unskilled]
   saber             [Unskilled]
   flail             [Unskilled]
   quarterstaff      [Unskilled]
   polearms          [Unskilled]
   spear             [Unskilled]
   lance             [Unskilled]
   bow               [Basic]
   shuriken          [Unskilled]
 Spellcasting Skills
   attack spells     [Unskilled]
   divination spells [Unskilled]
   clerical spells   [Unskilled]

Voluntary challenges:
 Character rerolling was not enabled.
 You were an atheist.
 You were illiterate.
 You never genocided any monsters.
 You never polymorphed an object.
 You never changed form.
 You used no wishes.
Achievements:
 You entered the Gnomish Mines.
 You attained the rank of Ronin.

 The Dungeons of Doom: levels 1 to 4
    Level 1:
       A fountain.
    Level 2:
       Some fountains.
    Level 3:
       Stairs down to The Gnomish Mines.
    Level 4:
 The Gnomish Mines:
    Level 4: <- You were here.
       Final resting place for
          you, killed by a gnome lord.


Vanquished creatures:
  a gnome leader
  a dwarf
  2 acid blobs
  2 cave spiders
  9 gnomes
  a gecko
  2 jackals
  a fox
  a goblin
  a sewer rat
  a grid bug
  2 lichens
  2 newts
26 creatures vanquished.

No species were genocided or became extinct.

Game over:
                       ----------
                      /          \
                     /    REST    \
                    /      IN      \
                   /     PEACE      \
                  /                  \
                  |    Drastanta     |
                  |      23 Au       |
                  |   killed by a    |
                  |    gnome lord    |
                  |                  |
                  |                  |
                  |       2026       |
                 *|     *  *  *      | *
        _________)/\\_//(\/(/\)/\//\/|_)_______

Sayonara Drastanta the Samurai...

You died in The Gnomish Mines on dungeon level 4 with 583 points,
and 23 pieces of gold, after 969 moves.
You were level 4 with a maximum of 44 hit points when you died.

